AoeStats
← Jan_Rui

Black Forest

509909121Analyzed
4v4 RM · 5d ago on Sep 28, 2026· 63m 10s· 8 players
Game mode
Random Map
Map size
Large (8 player)
Population
200
Speed
Normal
Resources
Standard
Victory
Conquest
Starting age
Dark Age
Ending age
Imperial Age
RankedLock teamsTeams togetherTeam positionsShared explorationLock speedFull tech treeHidden civsTurbo modeCheats
Victory
Defeat
🇦🇹 Bengalis · Austria
1062
+17
🇹🇷 Khmer · Türkiye
1046
+17
🇩🇪 Burgundians · Germany
1040
+18
🇬🇧 Teutons · United Kingdom
1039
+18
🇲🇽 Britons · Mexico
1114
-19
🇲🇽 Burmese · Mexico
1105
-19
🇨🇴 Ethiopians · Colombia
1061
-17
🇨🇳 Franks · China
1028
-15
Lord Agu
3:04 Loom
11:45 Feudal Age
17:37 Castle Age
16:18 Horse Collar
16:32 Double-Bit Axe
19:16 Bow Saw
21:08 Wheelbarrow
20:57 Heavy Plow
22:40 Fletching
23:57 Bodkin Arrow
24:47 Gold Mining
26:57 Hand Cart
27:05 Ballistics
27:04 Fortified Wall
31:22 Imperial Age
28:59 Padded Archer Armor
29:23 Paiks
30:26 Husbandry
32:12 Town Watch
33:08 Conscription
34:25 Chemistry
34:21 Siege Engineers
34:48 Bracer
35:04 Leather Archer Armor
36:46 Bloodlines
37:34 Elite Elephant Archer
40:30 Crop Rotation
46:51 Ring Archer Armor
47:56 Caravan
52:03 Forging
51:32 Siege Elephant
61:11 Mahayana
Benjings
1:27 Loom
15:57 Feudal Age
17:29 Double-Bit Axe
17:35 Horse Collar
21:17 Castle Age
22:45 Bow Saw
24:01 Wheelbarrow
26:09 Heavy Plow
27:41 Fletching
29:01 Hand Cart
32:42 Imperial Age
31:09 Bodkin Arrow
31:29 Scale Mail Armor
35:37 Chemistry
34:59 Ballistics
36:50 Two-Man Saw
37:02 Crenellations
37:19 Caravan
37:32 Heavy Scorpion
40:25 Crop Rotation
40:54 Elite Teutonic Knight
41:51 Chain Mail Armor
41:47 Forging
44:47 Siege Engineers
46:07 Plate Mail Armor
47:47 Iron Casting
57:39 Blast Furnace
58:51 Ironclad
63:19 Town Watch
63:37 Padded Archer Armor
63:43 Scale Barding Armor
63:06 Capped Ram
64:20 Coinage
64:00 Guilds
AkNeyls
5:02 Loom
7:04 Double-Bit Axe
11:38 Feudal Age
12:56 Bow Saw
15:22 Castle Age
13:31 Horse Collar
15:03 Heavy Plow
19:18 Two-Man Saw
19:00 Wheelbarrow
19:05 Stone Mining
20:29 Gold Mining
21:55 Gold Shaft Mining
22:10 Hand Cart
22:48 Husbandry
22:28 Cavalier
23:56 Scale Barding Armor
26:05 Chain Barding Armor
26:41 Forging
29:20 Crop Rotation
30:55 Iron Casting
31:54 Stone Shaft Mining
35:55 Imperial Age
33:49 Masonry
33:19 Treadmill Crane
33:59 Pikeman
34:40 Squires
34:25 Arson
34:45 Scale Mail Armor
34:38 Fletching
34:51 Light Cavalry
36:00 Caravan
36:33 Coinage
35:58 Halberdier
36:00 Paladin
36:03 Hussar
37:55 Plate Barding Armor
37:36 Chain Mail Armor
38:21 Blast Furnace
38:42 Banking
38:23 Guilds
41:23 Architecture
41:54 Chemistry
41:18 Conscription
41:05 Burgundian Vineyards
42:52 Plate Mail Armor
60:05 Hoardings
63:04 Spies/Treason
63:17 Flemish Revolution
Skafoid
1:07 Loom
11:23 Feudal Age
15:34 Castle Age
17:03 Stone Mining
17:01 Double-Bit Axe
18:37 Stone Shaft Mining
23:50 Town Watch
26:58 Gold Mining
33:31 Imperial Age
32:00 Gold Shaft Mining
34:06 Wheelbarrow
34:43 Bow Saw
36:21 Bloodlines
36:12 Husbandry
36:52 Murder Holes
37:19 Ballistics
37:59 Chemistry
37:01 Caravan
37:27 Elite Ballista Elephant
38:11 Double Crossbow
40:00 Light Cavalry
40:52 Pikeman
41:20 Arson
41:42 Halberdier
42:41 Horse Collar
44:21 Heavy Plow
44:20 Fletching
44:30 Padded Archer Armor
44:50 Scale Mail Armor
45:00 Forging
45:01 Scale Barding Armor
45:36 Bodkin Arrow
46:14 Crop Rotation
47:31 Leather Archer Armor
47:16 Bracer
48:31 Chain Mail Armor
48:51 Iron Casting
48:47 Chain Barding Armor
48:58 Ring Archer Armor
48:45 Onager
50:30 Plate Barding Armor
49:49 Capped Ram
52:21 Town Patrol
52:36 Hand Cart
55:17 Blast Furnace
55:33 Elite Skirmisher
57:55 Coinage
58:02 Heavy Scorpion
58:21 Hussar
61:47 Conscription
60:58 Sappers
62:03 Hoardings
[VL]_EoMeR_
0:28 Loom
12:19 Feudal Age
18:28 Castle Age
25:19 Fletching
33:01 Imperial Age
30:59 Padded Archer Armor
32:56 Leather Archer Armor
32:42 Double-Bit Axe
34:28 Ring Archer Armor
33:59 Elite Longbowman
35:16 Bodkin Arrow
38:32 Bracer
43:04 Ballistics
43:42 Forging
45:13 Crossbowman
45:52 Arbalester
53:44 Bow Saw
63:06 Two-Man Saw
victor_gt784
12:23 Feudal Age
17:28 Castle Age
15:35 Horse Collar
20:52 Heavy Plow
25:15 Forging
26:41 Bloodlines
26:33 Husbandry
28:19 Gold Mining
29:14 Iron Casting
31:08 Scale Barding Armor
31:43 Ballistics
32:13 Gold Shaft Mining
34:14 Imperial Age
32:04 Caravan
34:17 Chain Barding Armor
34:08 Fletching
34:21 Elite Skirmisher
36:04 Chemistry
36:09 Blast Furnace
36:06 Wheelbarrow
35:18 Town Watch
36:04 Howdah
37:03 Hand Cart
37:05 Bodkin Arrow
37:18 Elite Battle Elephant
39:06 Conscription
39:56 Bracer
40:17 Siege Engineers
40:49 Plate Barding Armor
41:08 Manipur Cavalry
42:29 Scale Mail Armor
41:54 Pikeman
42:35 Squires
43:33 Halberdier
48:26 Chain Mail Armor
57:38 Plate Mail Armor
Jan_Rui
10:56 Feudal Age
12:50 Wheelbarrow
13:17 Double-Bit Axe
13:14 Horse Collar
16:27 Castle Age
18:14 Heavy Plow
18:32 Bow Saw
29:51 Imperial Age
27:13 Loom
27:44 Hand Cart
27:34 Gold Mining
27:38 Stone Mining
30:14 Capped Ram
32:16 Two-Man Saw
31:55 Gold Shaft Mining
31:59 Stone Shaft Mining
31:00 Heavy Scorpion
33:11 Chemistry
31:39 Onager
35:25 Torsion Engines
35:46 Conscription
37:56 Siege Onager
38:27 Siege Onager
40:42 Town Watch
46:09 Coinage
46:46 Siege Engineers
56:38 Fortified Wall
56:40 Masonry
56:25 Murder Holes
57:47 Siege Ram
59:20 Caravan
60:24 Fletching
61:49 Architecture
76561199017414489
16:18 Feudal Age
20:09 Castle Age
18:27 Double-Bit Axe
28:08 Bow Saw
29:46 Gold Mining
32:31 Gold Shaft Mining
32:15 Husbandry
35:32 Imperial Age
33:57 Scale Barding Armor
34:02 Forging
35:34 Cavalier
38:31 Chain Barding Armor
38:47 Iron Casting
42:36 Conscription
49:43 Blast Furnace
53:54 Hoardings
Connection lost

Rejoining the realm…

Still unreachable

The connection could not be restored.

Session expired

The server has moved on; the page needs a fresh start.